Map: Asper Mountain

Players

JohnMcClane - Winner!

  • Race: Protoss Protoss
  • League: Silver

JackONeill - Winner!

  • Race: Zerg Zerg

BLFG - Winner!

  • Race: Protoss Protoss

Hindulaatti - Winner!

  • Race: Terran Terran
  • League: Diamond

JustLeaveNow

  • Race: Zerg Zerg
  • League: Silver

Chrilli

  • Race: Zerg Zerg

Dampfhammer

  • Race: Zerg Zerg

Emcie

  • Race: Terran Terran

VOD

Have the link to the VOD?

Description

Time

  • Played on: Jan. 18, 2016, 11:53 a.m.
  • Length: 18:09
Show
View Real Time Build Order
Export as new Build Order

JohnMcClane Protoss - Winner!

Build Orders:  

Get SALT Encoding   

  12  0:01  Probe (Chrono Boost)  
  13  0:13  Pylon  
  13  0:21  Probe (Chrono Boost)  
  14  0:35  Gateway  
  14  0:37  Gateway  
  14  0:44  Probe (Chrono Boost)  
  15  0:55  Probe (Chrono Boost)  
  16  1:10  Pylon  
  16  1:13  Gateway  
  16  1:16  Pylon  
  16  1:25  Zealot  
  18  1:27  Zealot  
  20  1:42  Assimilator  
  20  1:44  Cybernetics Core  
  20  1:52  Zealot  
  24  1:54  Zealot  
  24  2:19  Zealot x2  
  24  2:20  Probe (Chrono Boost)  
  29  2:31  Probe (Chrono Boost)  
  30  2:43  Probe (Chrono Boost), Zealot  
  33  2:46  Assimilator, Zealot  
  33  2:48  Pylon, Warp Gate  
  33  2:50  Gateway  
  27  2:54  Probe (Chrono Boost)  
  28  3:11  Pylon  
  24  3:20  Zealot  
  24  3:21  Zealot x2  
  24  3:22  Probe (Chrono Boost)  
  24  3:25  Pylon  
  31  3:33  Mothership Core (Chrono Boost)  
  31  3:51  Probe (Chrono Boost)  
  31  3:52  Stargate  
  31  3:54  Gateway  
  28  4:17  Pylon  
  24  4:36  Nexus  
  24  4:38  Pylon  
  24  4:39  Void Ray (Chrono Boost), Gateway  
  24  4:41  Pylon  
  24  4:44  Gateway  
  28  5:19  Gateway  
  28  5:21  Forge  
  28  5:22  Void Ray (Chrono Boost)  
  28  5:23  Assimilator  
  32  5:30  Sentry x2  
  35  5:46  Zealot x2  
  39  5:57  Zealot x2  
  39  6:15  Zealot x2  
  42  6:34  Probe (Chrono Boost)  
  42  6:35  Probe (Chrono Boost)  
  42  6:42  Void Ray (Chrono Boost)  
  42  6:46  Probe x2 (Chrono Boost)  
  46  6:53  Pylon  
  46  7:01  Probe x2 (Chrono Boost)  
  48  7:11  Pylon, Probe (Chrono Boost)  
  48  7:12  Probe (Chrono Boost)  
  42  8:06  Void Ray  
  42  8:07  Probe x2 (Chrono Boost)  
  42  8:08  Zealot x5  
  58  8:13  Assimilator  
  58  8:18  Probe x2 (Chrono Boost)  
  60  8:21  Twilight Council  
  60  8:28  Probe x2 (Chrono Boost)  
  60  8:51  Void Ray  
  60  8:53  Probe x2 (Chrono Boost)  
  66  9:01  Nexus  
  66  9:03  Probe (Chrono Boost)  
  59  9:21  Zealot, Sentry x2  
  59  9:22  Probe (Chrono Boost), Zealot x2  
  70  9:25  Pylon  
  66  9:55  Zealot x2  
  66  9:56  Zealot x3  
  72  10:41  Probe x3 (Chrono Boost)  
  71  10:48  Assimilator  
  71  10:52  Probe x3 (Chrono Boost)  
  71  10:53  Assimilator, Zealot x3  
  71  10:54  Zealot x2  
  84  11:02  Probe x3 (Chrono Boost)  
  87  11:12  Templar Archives  
  83  11:21  Protoss Ground Weapons Level 1 (Chrono Boost)  
  83  11:24  Pylon  
  83  11:25  Pylon  
  83  11:31  Dark Shrine  
  83  11:38  Charge (Chrono Boost)  
  83  11:49  Psionic Storm  
  81  11:55  High Templar x3  
  81  11:56  High Templar x2  
  91  12:15  Gateway  
  89  12:16  Pylon  
  89  12:19  Gateway  
  89  12:21  Pylon  
  89  12:31  Pylon  
  89  12:32  Pylon  
  89  12:36  Gateway  
  89  12:38  Gateway  
  89  12:44  Dark Templar x5  
  99  13:01  Pylon  
  89  13:18  Nexus  
  89  13:22  Photon Cannon x2  
  89  13:24  Gateway x2  
  89  13:25  Pylon  
  89  13:27  High Templar x4  
  89  13:28  High Templar x2  
  101  13:34  Pylon  
  101  13:39  Pylon  
  101  13:40  Assimilator  
  87  13:45  Assimilator  
  61  14:28  High Templar x4, Zealot x3  
  75  14:45  Stalker x2  
  75  14:46  Stalker x2  
  75  14:51  Protoss Ground Armor Level 1  
  83  14:57  Nexus  
  83  14:58  Pylon  
  83  15:01  High Templar x6  
  83  15:02  High Templar, Assimilator  
  96  15:09  Dark Templar x2  
  96  15:13  Dark Templar  
  102  15:29  Dark Templar  
  104  15:40  Pylon x2  
  100  15:56  Pylon  
  100  15:57  Pylon  
  86  16:14  Dark Templar  
  86  16:15  Dark Templar x6  
  99  16:21  Nexus  
  99  16:24  Probe  
  99  16:25  Probe x2  
  95  16:34  Probe  
  95  16:37  Probe x2  
  95  16:39  Assimilator  
  98  16:40  Pylon  
  98  16:42  Assimilator  
  98  16:45  Probe  
  99  16:49  Probe  
  54  17:10  High Templar x2  
  54  17:11  High Templar x2  
  54  17:12  Probe  
  54  17:14  Probe x2  
  65  17:24  Probe  
  65  17:26  Probe x2  
  66  17:34  Probe  
  66  17:35  Probe  
  68  17:38  Probe x2  
  70  17:45  Probe x2, Gateway  
  70  17:47  Gateway  
  70  17:50  Probe x2  
  74  17:54  Photon Cannon  
  74  17:55  Probe  
  75  18:03  High Templar x4  
Show
View Real Time Build Order
Export as new Build Order

JackONeill Zerg - Winner!

Build Orders: Pool First, Zergling Baneling 

Get SALT Encoding   

  12  0:01  Drone  
  13  0:08  Drone  
  14  0:17  Overlord  
  14  0:24  Extractor  
  14  0:25  Drone  
  15  0:34  Spawning Pool  
  14  0:35  Drone  
  14  0:41  Drone, Extractor  
  15  0:54  Overlord  
  15  1:15  Hatchery  
  14  1:20  Queen  
  14  1:23  Drone  
  14  1:24  Drone  
  18  1:40  Metabolic Boost  
  18  1:45  Overlord  
  18  1:49  Zergling x4  
  20  2:02  Zergling x2  
  21  2:17  Queen, Baneling Nest  
  21  2:20  Zergling x4  
  24  2:31  Zergling x4  
  26  2:41  Zergling x4  
  26  2:42  Zergling x4  
  28  2:53  Zergling x4  
  28  3:07  Zergling x4  
  28  3:10  Baneling x2  
  28  3:12  Baneling x4  
  28  3:14  Zergling x4  
  30  3:22  Overlord  
  21  3:53  Zergling x8  
  21  3:54  Zergling x8  
  27  4:00  Zergling x2  
  28  4:04  Zergling x2  
  28  4:09  Zergling x2  
  30  4:13  Zergling x2  
  30  4:15  Baneling x5  
  30  4:16  Baneling x2  
  31  4:17  Zergling x2  
  32  4:31  Extractor  
  32  4:33  Zergling x10  
  32  4:34  Zergling x6  
  32  4:36  Hatchery  
  34  5:01  Zergling x2  
  34  5:02  Zergling x10  
  38  5:10  Zergling x4  
  36  5:17  Baneling  
  36  5:26  Drone x2  
  20  5:38  Zergling x2  
  20  5:39  Zergling x2  
  21  5:47  Drone  
  22  5:53  Zergling x2  
  23  6:01  Baneling x3  
  23  6:02  Baneling  
  23  6:13  Zergling x2  
  23  6:14  Zergling x2  
  25  6:24  Drone  
  24  6:38  Baneling x2  
  24  6:39  Zergling x2  
  25  6:40  Zergling x2  
  25  6:46  Zergling x4  
  27  6:52  Drone  
  28  7:01  Drone  
  29  7:05  Baneling  
  29  7:06  Baneling x2  
  29  7:12  Drone  
  27  7:34  Zergling x8  
  27  7:35  Zergling x4  
  32  7:45  Zergling x6  
  35  7:51  Overlord  
  33  8:06  Zergling x8  
  33  8:07  Zergling x2  
  33  8:11  Zergling x2  
  39  8:18  Zergling x4  
  37  8:26  Drone x3  
  37  8:39  Zergling x8  
  39  8:49  Drone x3  
  39  8:59  Baneling  
  39  9:00  Baneling x4  
  39  9:01  Baneling x2  
  36  9:03  Baneling  
  36  9:05  Drone  
  37  9:10  Drone x2  
  37  9:12  Drone  
  39  9:19  Drone, Spore Crawler  
  39  9:27  Lair  
  39  9:34  Drone  
  39  9:35  Drone x2  
  42  9:43  Drone  
  43  9:57  Hatchery  
  39  10:06  Zergling x2  
  39  10:07  Zergling x12  
  40  10:08  Zergling x4  
  46  10:17  Evolution Chamber  
  46  10:18  Drone x3  
  48  10:24  Extractor  
  47  10:28  Drone  
  47  10:29  Drone x4  
  52  10:38  Drone x2  
  52  10:39  Infestation Pit  
  54  10:50  Spire  
  54  10:51  Drone x2  
  54  10:53  Drone, Spore Crawler  
  55  11:06  Extractor  
  55  11:07  Extractor  
  55  11:09  Queen  
  55  11:10  Drone x4  
  59  11:11  Extractor  
  59  11:15  Centrifical Hooks  
  58  11:23  Drone x3  
  58  11:25  Drone  
  62  11:26  Drone  
  63  11:33  Drone  
  63  11:35  Overlord  
  64  11:40  Overlord  
  64  11:42  Overlord  
  64  11:45  Spore Crawler  
  63  11:52  Queen  
  63  11:54  Overlord x2  
  65  12:02  Overlord  
  64  12:21  Baneling  
  64  12:22  Baneling x6  
  64  12:23  Baneling x3  
  64  12:28  Drone  
  64  12:29  Drone x4  
  69  12:31  Drone  
  69  12:32  Drone x2  
  69  12:34  Zerg Flyer Weapons Level 1  
  72  12:41  Mutalisk x4  
  72  12:42  Mutalisk  
  82  12:46  Zergling x4  
  84  12:52  Zerg Ground Armor Level 1  
  84  12:58  Spore Crawler  
  83  12:59  Spore Crawler  
  82  13:06  Baneling x2  
  82  13:07  Baneling x5  
  82  13:09  Zergling x12  
  88  13:24  Infestation Pit  
  87  13:31  Mutalisk x3  
  87  13:32  Mutalisk x4  
  87  13:33  Overlord  
  90  13:47  Mutalisk x2  
  90  13:48  Mutalisk x3  
  85  13:58  Mutalisk x3  
  85  13:59  Mutalisk  
  93  14:03  Overlord  
  93  14:22  Mutalisk x2  
  93  14:23  Mutalisk  
  83  14:48  Mutalisk x3  
  83  14:50  Zergling x12  
  83  14:51  Zergling x12  
  83  14:52  Zergling x12  
  107  14:53  Zergling x10  
  107  14:57  Zerg Melee Weapons Level 1  
  112  15:01  Mutalisk  
  112  15:28  Mutalisk x3  
  87  15:41  Mutalisk  
  87  15:42  Zergling x2  
  80  15:43  Zergling x12  
  80  15:44  Zergling x10  
  80  15:45  Zergling x12  
  80  15:46  Zergling x2  
  92  16:14  Zergling x2  
  92  16:15  Zergling x12  
  99  16:20  Baneling x6  
  99  16:21  Baneling x5  
  99  16:22  Baneling x7  
  99  16:23  Zergling x8  
  99  16:24  Zergling x12  
  99  16:25  Zergling x2  
  110  16:30  Zergling x10  
  115  16:35  Hive  
  89  16:51  Baneling x3  
  89  16:52  Baneling x2  
  87  16:56  Zergling x2  
  87  16:57  Zergling x12  
  87  16:58  Zergling x4  
  87  16:59  Baneling x4  
  96  17:09  Mutalisk  
  83  17:48  Zergling x4, Extractor  
  83  17:49  Zergling x14, Hatchery  
  83  17:50  Zergling x8  
  89  17:52  Extractor  
Show
View Real Time Build Order
Export as new Build Order

BLFG Protoss - Winner!

Build Orders:  

Get SALT Encoding   

  13  0:07  Probe (Chrono Boost)  
  13  0:17  Probe (Chrono Boost)  
  14  0:28  Probe (Chrono Boost)  
  15  0:50  Pylon  
  15  1:09  Probe (Chrono Boost)  
  16  1:19  Probe (Chrono Boost)  
  17  1:30  Probe (Chrono Boost)  
  18  1:35  Pylon  
  18  1:40  Probe (Chrono Boost)  
  19  1:51  Probe (Chrono Boost)  
  20  2:01  Probe (Chrono Boost)  
  20  2:03  Pylon  
  21  2:12  Probe (Chrono Boost)  
Show
View Real Time Build Order
Export as new Build Order

Hindulaatti Terran - Winner!

Build Orders:  

Get SALT Encoding   

  12  0:01  SCV  
  13  0:14  SCV  
  14  0:19  Supply Depot  
  14  0:27  SCV  
  15  0:41  Barracks  
  15  0:43  Barracks  
  15  0:45  SCV  
  16  0:57  SCV  
  16  1:00  Refinery  
  17  1:04  Refinery  
  17  1:10  SCV  
  18  1:17  Barracks  
  18  1:22  SCV  
  19  1:34  SCV  
  19  1:37  Reaper  
  21  1:43  Supply Depot  
  21  1:45  Reaper  
  22  1:49  SCV  
  23  2:03  Orbital Command  
  23  2:06  Reaper  
  24  2:09  Reaper  
  25  2:17  Reaper  
  26  2:38  Reaper  
  26  2:41  Reaper  
  28  2:48  SCV  
  28  2:49  Reaper  
  30  3:11  Reaper  
  30  3:13  Reaper  
  31  3:29  Barracks  
  31  3:30  Barracks  
  31  3:31  Barracks  
  31  3:32  Command Center  
  31  3:44  SCV  
  31  3:45  Reaper  
  31  3:53  Reaper  
  31  4:22  Reaper x2  
  31  4:25  Reaper  
  31  4:27  Supply Depot x2  
  31  4:28  Supply Depot  
  27  4:33  Marine x3  
  30  4:50  Marine  
  30  4:51  Marine x2  
  33  4:53  SCV  
  33  4:54  Reaper x2  
  33  4:58  Reaper  
  37  5:04  Orbital Command  
  37  5:08  Marine  
  37  5:09  Marine, Reaper  
  37  5:10  Factory  
  40  5:26  Marine x2, Reaper  
  40  5:27  Reaper  
  37  5:29  Marine  
  38  5:40  Marine  
  32  5:44  Marine x2  
  32  5:47  Marine  
  33  5:55  Orbital Command  
  33  5:57  Barracks  
  33  5:58  Marine, Reaper  
  33  5:59  Reaper, Barracks  
  33  6:00  Barracks  
  33  6:01  Widow Mine  
  33  6:02  Marine, Reaper  
  40  6:05  Marine  
  41  6:16  Marine  
  42  6:19  Marine  
  42  6:23  Marine  
  44  6:30  Marine, SCV  
  44  6:31  Marine  
  47  6:33  Widow Mine  
  47  6:34  Marine x2  
  47  6:35  Starport  
  47  6:37  Marine  
  52  6:41  Marine  
  52  6:42  SCV  
  52  6:46  Supply Depot, Marine  
  55  6:47  Marine x2  
  55  6:48  Marine  
  55  6:49  Supply Depot  
  55  6:50  Engineering Bay, Marine  
  55  6:52  Marine x2, SCV  
  55  6:54  SCV  
  63  6:55  Marine  
  63  6:58  Marine  
  65  7:04  Marine  
  65  7:05  Marine x2  
  65  7:06  Marine  
  65  7:07  Marine  
  70  7:09  Supply Depot  
  70  7:13  Widow Mine  
  70  7:14  Marine  
  73  7:20  Medivac  
  75  7:29  Marine  
  74  7:30  Marine x6  
  78  7:41  Marine  
  78  7:42  Marine  
  75  7:47  Marine  
  75  7:48  Marine x3  
  76  8:07  Marine x9  
  84  8:14  SCV  
  84  8:24  Marine, Terran Infantry Weapons Level 1  
  84  8:25  Marine  
  84  8:26  SCV  
  87  8:28  Marine  
  87  8:30  Barracks Tech Lab  
  87  8:32  Marine  
  89  8:38  SCV  
  78  8:49  Marine  
  78  8:50  Marine x4  
  78  8:54  Stimpack  
  75  9:02  SCV  
  72  9:09  Marine  
  65  9:10  Marine x5  
  65  9:14  SCV  
  71  9:26  SCV  
  71  9:30  Starport Reactor  
  74  9:31  Factory Reactor  
  74  9:33  Marine x2  
  74  9:34  Marine x6  
  74  9:35  Barracks Reactor  
  80  9:39  SCV x2  
  82  9:51  SCV x2  
  84  9:54  Command Center  
  69  10:03  SCV  
  69  10:07  Marine x8  
  65  10:10  Medivac  
  65  10:11  Medivac  
  77  10:24  Marine  
  77  10:25  Marine x4, SCV  
  82  10:39  Marine  
  82  10:40  Marine x3  
  82  10:42  Marine, Barracks Reactor  
  86  10:43  Marine x4  
  86  10:45  Medivac  
  86  10:48  Supply Depot  
  93  10:50  SCV  
  93  10:51  Supply Depot  
  93  10:56  Missile Turret  
  94  11:00  Missile Turret  
  94  11:01  Missile Turret  
  94  11:05  Widow Mine  
  94  11:06  Medivac, Marine, SCV x2  
  94  11:08  Missile Turret  
  94  11:10  Missile Turret  
  101  11:13  Combat Shields  
  101  11:14  Barracks Reactor  
  101  11:17  Missile Turret  
  101  11:18  SCV x2  
  103  11:20  Medivac, Barracks Reactor  
  103  11:21  Orbital Command  
  103  11:24  Barracks Reactor  
  103  11:25  Marine x5  
  106  11:26  Refinery x2  
  106  11:27  Marine  
  111  11:39  Refinery  
  111  11:40  Refinery, Terran Infantry Armor Level 1  
  111  11:44  Armory  
  111  11:45  Marine x7  
  111  11:46  Marine  
  119  11:52  Supply Depot  
  119  11:54  Supply Depot  
  119  11:58  Marine  
  120  12:01  Medivac, Viking  
  120  12:06  Marine  
  120  12:07  Marine x2  
  120  12:08  Marine  
  128  12:09  Engineering Bay  
  128  12:21  Widow Mine  
  128  12:22  Widow Mine  
  132  12:24  Marine  
  132  12:25  Marine x8  
  132  12:27  Marine  
  142  12:31  Medivac x2  
  142  12:33  Supply Depot  
  142  12:34  Supply Depot x2  
  146  12:54  Marine  
  146  12:55  Marine x13  
  160  13:00  Terran Infantry Weapons Level 2  
  160  13:12  Marine  
  161  13:13  Marine x6  
  157  13:27  Marine  
  157  13:28  Marine x6  
  157  13:30  Widow Mine x2, Marine x5  
  157  13:31  Marine x2  
  157  13:32  Medivac x2  
  154  13:45  Marine  
  154  13:46  Marine x6  
  154  13:48  Marine x7  
  147  14:03  Marine  
  147  14:04  Marine x6  
  147  14:05  Marine  
  147  14:06  Marine x6  
  122  14:20  Supply Depot  
  122  14:21  Marine x5  
  122  14:22  Supply Depot  
  119  14:56  Widow Mine x2  
  119  14:57  Marine x2  
  119  14:58  Marauder, Marine x11  
  119  14:59  Medivac  
  140  15:00  Medivac  
  122  15:15  Marine x3  
  122  15:16  Marine x5  
  122  15:17  Marine  
  122  15:18  Marine x5  
  122  15:20  Terran Infantry Weapons Level 3  
  122  15:21  Terran Infantry Armor Level 2  
  135  15:33  Marine x3  
  135  15:34  Marine x4  
  135  15:35  Widow Mine x2  
  142  15:36  Medivac x2  
  138  15:53  Marine x5  
  138  15:54  Marine x5  
  116  16:08  Marine  
  116  16:09  Marine x3  
  116  16:10  Medivac  
  116  16:11  Medivac, Widow Mine x2, Marine x10  
  135  16:24  Command Center  
  135  16:26  Marine  
  135  16:27  Marine x2  
  138  16:34  Marine x5  
  138  16:35  Marine x6  
  138  16:39  Widow Mine  
  149  16:40  Widow Mine  
  149  16:42  Liberator x2  
  153  16:55  Orbital Command, Marine x2  
  161  17:08  Widow Mine x2  
  151  17:31  Marine x2  
  151  17:32  Marine x9  
  159  17:39  Widow Mine x2  
  161  17:50  Marine  
  161  17:51  Marine x10  
Show
View Real Time Build Order
Export as new Build Order

JustLeaveNow Zerg 

Build Orders: Hatch First 

Get SALT Encoding   

  12  0:07  Drone  
  12  0:12  Drone  
  14  0:25  Extractor  
  14  0:35  Drone  
  14  0:41  Hatchery  
  13  0:46  Drone  
  14  1:02  Overlord  
  14  1:18  Spawning Pool  
  13  1:20  Drone  
  14  1:34  Drone x2  
  16  1:59  Overlord  
  16  2:05  Metabolic Boost  
  16  2:08  Queen x2  
  16  2:15  Zergling x4  
  22  2:18  Zergling x2  
  22  2:21  Zergling x2  
  24  2:24  Zergling x2  
  24  2:27  Zergling x2  
  26  2:35  Zergling x4  
  28  2:38  Zergling x2  
  27  2:57  Zergling x6  
  28  3:00  Zergling x2  
  28  3:03  Zergling x2  
  30  3:12  Zergling x4  
  32  3:23  Zergling x4  
  28  3:50  Overlord x2  
  28  3:51  Overlord  
  28  3:53  Zergling x10  
  33  4:15  Zergling x18  
  42  4:38  Zergling x2  
  42  4:39  Zergling x12  
  42  4:40  Zergling x2  
  43  5:34  Zergling x2  
  43  5:35  Zergling x22  
  32  5:56  Zergling x8  
  32  5:57  Zergling x4  
  38  6:14  Drone x3  
  38  6:15  Drone  
  42  6:20  Drone x2  
  42  6:21  Drone, Extractor  
  42  6:23  Drone  
  45  6:36  Hatchery  
  43  6:50  Drone  
  43  6:51  Drone x5  
  49  7:10  Drone  
  49  7:12  Drone x2  
  49  7:13  Drone, Hatchery  
  52  7:16  Drone  
  50  7:34  Lair  
  50  7:40  Evolution Chamber  
  50  7:42  Evolution Chamber, Zergling x2  
  50  7:43  Zergling x2  
  50  7:46  Zergling x2  
  51  7:52  Zergling x4  
  51  7:55  Zergling x2  
  54  8:09  Zerg Missile Weapons Level 1  
  54  8:10  Zerg Ground Armor Level 1  
  54  8:13  Drone  
  54  8:19  Queen  
  57  8:29  Queen  
  44  9:11  Hydralisk Den  
  42  9:18  Extractor  
  42  9:22  Drone x3  
  44  9:25  Drone x3, Extractor  
  44  9:27  Drone x3  
  44  9:28  Drone x2  
  44  9:30  Drone  
  52  9:32  Drone x17  
  52  9:33  Drone  
  70  9:41  Infestation Pit  
  69  9:49  Overlord x3  
  69  9:50  Overlord x3  
  69  9:55  Extractor  
  68  10:01  Hydralisk  
  70  10:07  Zerg Ground Armor Level 2, Zerg Missile Weapons Level 2  
  70  10:12  Muscular Augments  
  70  10:20  Drone  
  71  10:21  Drone x2  
  71  10:22  Drone x2  
  71  10:25  Extractor  
  71  10:28  Hydralisk x4  
  74  10:29  Hydralisk x4  
  90  10:41  Hydralisk x5  
  100  10:43  Hydralisk  
  102  10:52  Hive  
  102  11:14  Hydralisk  
  102  11:15  Hydralisk x6  
  102  11:18  Overlord x3  
  116  11:19  Overlord x2  
  116  11:30  Hydralisk  
  118  11:43  Extractor  
  118  11:44  Hatchery  
  112  12:01  Hydralisk  
  112  12:02  Hydralisk x11  
  112  12:03  Hydralisk  
  112  12:06  Hydralisk  
  140  12:21  Hydralisk x6  
  152  12:24  Hydralisk  
  154  12:35  Zerg Missile Weapons Level 3  
  154  12:40  Zerg Ground Armor Level 3  
  154  12:55  Hydralisk  
  154  12:56  Hydralisk x5  
  154  12:58  Overlord x3  
  166  13:04  Overseer x3  
  166  13:05  Extractor  
  166  13:07  Pneumatized Carapace  
  165  13:43  Drone x3  
  165  13:45  Queen  
  165  13:47  Hydralisk x2  
  174  13:50  Overlord x3  
  148  14:06  Hydralisk  
  148  14:07  Hydralisk x8  
  148  14:08  Hydralisk x6  
  148  14:09  Hydralisk x2  
  124  14:11  Hydralisk  
  124  14:14  Hydralisk  
  124  14:15  Hydralisk x3  
  120  14:17  Hydralisk  
  107  14:49  Drone x2  
  107  14:51  Drone x3  
  112  14:54  Hydralisk x2  
  112  14:55  Hydralisk x8  
  112  14:59  Spore Crawler  
  131  15:04  Drone, Spore Crawler  
  116  15:29  Hydralisk x5  
  116  15:30  Hydralisk x4  
  126  15:59  Hydralisk x3  
  126  16:00  Hydralisk x6  
  88  16:21  Drone x2  
  88  16:22  Drone  
  88  16:24  Drone x4  
  95  16:29  Drone x9  
  104  16:34  Queen  
  81  16:50  Hydralisk x4  
  81  16:53  Hydralisk  
  91  16:57  Hydralisk  
  91  17:03  Hydralisk  
  91  17:04  Hydralisk  
  91  17:07  Hydralisk  
  97  17:18  Hydralisk  
  97  17:19  Hydralisk x5  
  103  17:42  Hydralisk x8  
  103  17:43  Hydralisk x3  
Show
View Real Time Build Order
Export as new Build Order

Chrilli Zerg 

Build Orders: Pool First 

Get SALT Encoding   

  12  0:06  Drone  
  13  0:11  Drone  
  14  0:15  Extractor  
  14  0:17  Drone  
  14  0:36  Spawning Pool  
  14  0:41  Drone  
  14  0:50  Overlord  
  14  1:09  Drone x3  
  17  1:24  Metabolic Boost  
  17  1:28  Queen  
  19  1:36  Zergling x2  
  19  1:39  Overlord  
  20  1:46  Zergling x2  
  21  1:57  Zergling x2  
  22  2:05  Zergling x2  
  22  2:23  Zergling x2  
  23  2:41  Zergling x4  
  21  2:52  Zergling x2  
  19  3:09  Zergling x4  
  20  3:14  Spine Crawler  
  20  3:17  Spine Crawler  
  12  3:42  Drone x2  
  12  4:01  Hatchery  
  11  4:05  Drone x2  
  11  4:09  Spore Crawler  
  12  4:24  Zergling x8  
  16  4:33  Zergling x2  
  16  5:11  Zergling x4  
  16  5:12  Zergling x4  
  16  5:13  Queen  
  19  5:14  Zergling x2  
  19  5:16  Overlord  
  20  5:38  Zergling x6  
  23  5:45  Drone  
  23  5:47  Drone x3  
  27  5:55  Drone x3  
  30  5:58  Extractor  
  30  6:02  Drone  
  26  6:32  Lair  
  26  6:38  Drone x4  
  25  6:42  Drone  
  25  6:43  Drone x4  
  30  7:16  Overlord  
  30  7:20  Hatchery  
  29  7:32  Zergling x2  
  29  7:33  Zergling x8  
  29  7:35  Zergling x4  
  36  7:43  Baneling Nest  
  28  8:14  Zergling x2  
  28  8:15  Zergling x10  
  28  8:17  Zergling x4  
  28  8:18  Zergling x4  
  28  8:19  Zergling x2  
  39  8:34  Centrifical Hooks  
  39  8:40  Baneling x6  
  39  8:42  Baneling  
  39  8:48  Baneling  
  39  8:49  Baneling x3  
  39  8:50  Baneling  
  39  9:02  Baneling  
  35  9:03  Baneling x6  
  35  9:21  Drone  
  35  9:22  Drone x4  
  40  9:36  Spore Crawler  
  40  9:38  Spore Crawler  
  37  9:54  Drone x3  
  33  10:12  Spore Crawler  
  32  10:15  Spore Crawler  
  31  10:41  Hatchery  
  30  10:46  Overlord x2  
  30  11:07  Overlord x2  
  30  11:19  Overlord  
  30  11:31  Drone x3  
  33  11:36  Drone  
  34  11:55  Drone x2  
  36  12:11  Zergling x4  
  36  12:12  Zergling x12  
  36  12:14  Zergling x2  
  45  12:19  Zergling x4  
  45  12:21  Zergling x2  
  48  12:33  Zergling x2  
  48  12:34  Zergling x4  
  48  12:36  Zergling x4  
  48  12:37  Zergling x2  
  54  12:40  Baneling  
  54  12:41  Baneling x5  
  54  12:42  Baneling  
  54  12:44  Baneling  
  54  12:45  Baneling  
  54  12:47  Baneling x2  
  54  12:48  Baneling  
  54  12:49  Baneling  
  54  12:50  Baneling  
  54  12:51  Baneling  
  54  12:52  Baneling  
  54  12:53  Baneling  
  54  13:08  Baneling  
  54  13:09  Baneling x5  
  54  13:10  Baneling x5  
  54  13:11  Baneling  
  54  13:12  Baneling x3  
  54  13:14  Baneling x4  
  36  13:59  Zergling x12  
  42  14:13  Evolution Chamber  
  42  14:16  Baneling  
  41  14:20  Hatchery  
  40  14:43  Zergling x8  
  40  14:44  Zergling x8  
  48  14:46  Baneling x7  
  48  14:47  Baneling x4  
  48  14:48  Baneling  
  48  14:57  Extractor  
  47  15:02  Extractor  
  38  15:16  Zergling x8  
  38  15:18  Zergling x6  
  38  15:19  Zergling x2  
  38  15:20  Baneling x2  
  38  15:21  Baneling x5  
  46  15:23  Zerg Melee Weapons Level 1  
  46  15:32  Evolution Chamber  
  45  15:43  Drone x2  
  45  15:44  Queen  
  43  16:08  Zergling x12  
  43  16:09  Zergling x12  
  55  16:12  Baneling x7  
  55  16:13  Baneling x6  
  55  16:14  Baneling x3  
  55  16:28  Drone x3  
  58  16:36  Baneling x5  
  58  16:37  Baneling x6  
  58  16:38  Baneling x2  
  58  16:39  Baneling  
  36  17:14  Spine Crawler  
  35  17:16  Spine Crawler  
  35  17:19  Zergling x6  
  37  17:23  Zergling x6  
  40  17:45  Baneling x3  
  40  17:46  Baneling x7  
  40  17:47  Baneling x2  
Show
View Real Time Build Order
Export as new Build Order

Dampfhammer Zerg 

Build Orders: Pool First 

Get SALT Encoding   

  12  0:08  Drone x2  
  14  0:14  Extractor  
  14  0:19  Drone, Extractor  
  13  0:22  Drone  
  16  0:33  Overlord  
  16  0:51  Extractor  
  16  0:55  Spawning Pool  
  14  0:57  Drone x2  
  16  1:06  Drone  
  17  1:14  Drone  
  18  1:26  Hatchery  
  17  1:37  Overlord  
  17  1:57  Metabolic Boost  
  17  2:00  Zergling x6  
  20  2:03  Queen  
  22  2:11  Overlord  
  22  2:28  Zergling x2  
  23  2:34  Zergling x2  
  24  2:45  Spine Crawler  
  24  2:50  Queen  
  25  2:52  Zergling x6  
  25  3:16  Zergling x6  
  25  3:17  Zergling x4  
  28  3:25  Zergling x4  
  28  3:26  Zergling x4  
  32  3:50  Zergling x6  
  32  3:51  Zergling x2  
  35  4:01  Zergling x8  
  35  4:02  Zergling x6  
  28  4:31  Zergling x10  
  29  4:32  Zergling x10  
  37  4:41  Overlord x2  
  23  5:25  Drone x4  
  23  5:26  Drone x6  
  23  5:27  Drone  
  34  5:44  Extractor  
  33  5:50  Drone x4  
  37  6:03  Roach Warren  
  33  6:14  Lair  
  33  6:28  Extractor  
  33  6:30  Drone x3  
  35  6:33  Overlord  
  35  6:34  Overlord x2  
  35  6:37  Zergling x6  
  38  6:48  Zergling x4  
  40  7:03  Roach x6  
  40  7:04  Roach  
  40  7:07  Hatchery  
  55  7:15  Roach  
  55  7:16  Roach  
  55  7:19  Glial Reconstitution  
  52  7:38  Roach  
  52  7:39  Roach x6  
  52  7:40  Roach  
  43  8:07  Drone x2  
  45  8:19  Zergling x2  
  46  8:20  Roach x2  
  36  8:30  Roach x3  
  33  8:37  Zergling x2  
  33  8:38  Roach x3  
  33  9:03  Roach x2  
  33  9:04  Roach x5  
  35  9:28  Hydralisk Den  
  30  9:36  Drone x4  
  30  9:37  Drone x2  
  36  9:44  Drone x2  
  38  10:22  Hatchery  
  37  10:35  Hydralisk x2  
  37  10:37  Hydralisk  
  43  10:54  Muscular Augments  
  43  11:04  Hydralisk  
  45  11:19  Drone x3  
  48  11:30  Evolution Chamber  
  47  11:42  Drone x2  
  49  12:06  Hydralisk x2  
  49  12:07  Hydralisk x2  
  57  12:09  Zergling x2  
  58  12:31  Drone x3  
  58  12:32  Drone  
  62  12:59  Zerg Ground Armor Level 1  
  62  13:03  Zergling x10  
  62  13:04  Zergling x6  
  37  13:55  Roach x6  
  47  13:56  Roach x4  
  55  14:08  Roach x3  
  61  14:46  Roach x2  
  61  14:47  Roach x7  
  61  14:51  Overlord x2  
  79  15:23  Roach x7  
  79  15:24  Roach x2  
  53  15:58  Drone x2  
  53  15:59  Drone x5  
  53  16:00  Drone x2  
  44  16:43  Overseer  
  44  16:44  Overseer  
  43  16:48  Hydralisk x5  
  43  16:49  Hydralisk x2  
  43  16:50  Roach x2  
  55  16:59  Spore Crawler  
  55  17:00  Spore Crawler  
  47  17:08  Roach x3  
  53  17:22  Hydralisk x2  
  57  17:23  Roach x3  
  57  17:24  Roach  
Show
View Real Time Build Order
Export as new Build Order

Emcie Terran 

Build Orders:  

Get SALT Encoding   

  12  0:01  SCV  
  13  0:13  SCV  
  14  0:20  Supply Depot  
  14  0:25  Refinery  
  14  0:30  SCV  
  15  0:44  Barracks  
  15  0:47  SCV  
  16  1:02  Barracks  
  16  1:19  Barracks  
  16  1:23  SCV  
  17  1:32  Reaper  
  18  1:39  Refinery  
  18  1:46  SCV  
  19  1:49  Reaper  
  20  2:09  Bunker, Orbital Command  
  20  2:17  Bunker  
  20  2:18  Reaper  
  20  2:22  Reaper  
  21  2:37  Reaper  
  22  2:50  Reaper  
  23  3:01  Reaper  
  23  3:22  Supply Depot  
  23  3:34  SCV  
  23  3:44  Reaper x3  
  23  3:46  SCV  
  27  3:58  SCV  
  27  4:02  Supply Depot  
  28  4:11  Barracks  
  28  4:16  Reaper x3  
  31  4:31  SCV  
  32  4:42  Command Center  
  30  4:48  Reaper x2  
  27  4:53  Reaper  
  28  5:20  Reaper x2  
  30  5:25  Reaper  
  29  5:40  SCV  
  29  5:50  Barracks x2  
  29  5:52  Reaper x2  
  29  5:54  SCV  
  32  5:57  Reaper  
  30  6:26  SCV  
  30  6:32  Reaper x3  
  33  6:33  Engineering Bay  
  33  6:38  SCV, Reaper  
  35  6:44  Reaper  
  35  6:50  Orbital Command  
  35  6:51  Engineering Bay  
  35  6:52  SCV  
  36  6:59  Reaper  
  37  7:04  SCV  
  37  7:05  Reaper  
  40  7:08  Reaper x2  
  41  7:23  Missile Turret  
  41  7:28  Missile Turret  
  41  7:30  Reaper x2  
  42  7:40  Reaper x2  
  44  7:54  Reaper  
  44  8:05  SCV  
  44  8:07  Marine x2  
  44  8:08  Marine  
  44  8:09  Terran Infantry Weapons Level 1  
  44  8:12  Marine, Barracks x2  
  49  8:13  Barracks  
  48  8:23  SCV x2  
  48  8:43  SCV  
  49  8:50  Marine x2  
  49  8:51  Marine x3  
  49  8:55  Marine  
  54  8:56  SCV x2  
  52  9:08  Marine  
  51  9:12  Marine x2  
  51  9:13  Marine x2  
  51  9:14  Missile Turret  
  51  9:15  Missile Turret  
  54  9:26  Terran Infantry Armor Level 1  
  54  9:27  Factory  
  54  9:33  Missile Turret  
  54  9:39  Missile Turret  
  54  9:45  Missile Turret  
  54  9:50  Supply Depot  
  54  9:53  Supply Depot  
  54  9:55  Marine x2  
  54  10:00  Marine  
  54  10:04  Marine x2  
  54  10:11  Marine  
  54  10:12  Marine, SCV x2  
  54  10:13  Marine  
  59  10:18  Marine  
  60  10:22  Missile Turret  
  60  10:24  SCV x2  
  62  10:33  Barracks Tech Lab  
  62  10:36  Missile Turret, SCV x2  
  62  10:38  Marine  
  62  10:40  Missile Turret  
  65  10:48  SCV x2  
  67  10:50  Starport, Factory Reactor  
  67  11:00  SCV x2  
  67  11:03  Refinery  
  69  11:04  Refinery  
  69  11:05  Stimpack  
  69  11:11  Barracks Tech Lab  
  69  11:12  SCV  
  70  11:27  Command Center  
  70  11:56  Supply Depot  
  70  11:57  Supply Depot  
  70  12:01  Combat Shields, Supply Depot  
  70  12:06  Supply Depot  
  70  12:17  Marine x2  
  70  12:18  Medivac x2, SCV x2  
  70  12:19  Missile Turret, Marine x3  
  81  12:29  Supply Depot  
  81  12:30  SCV x2  
  81  12:35  Marine x2  
  85  12:41  Armory  
  85  12:42  Orbital Command, SCV  
  86  12:44  Refinery  
  86  12:46  Marine  
  86  12:47  Supply Depot, Marine  
  86  12:48  Supply Depot  
  86  12:49  Marine  
  89  12:53  Medivac  
  89  12:55  Marine  
  92  13:04  Marine x2  
  92  13:05  SCV  
  95  13:08  Marine x3  
  95  13:10  SCV  
  99  13:15  Marine x3  
  102  13:24  Marine x2  
  102  13:25  Medivac  
  102  13:26  Medivac  
  108  13:30  Marine x2  
  109  13:42  Marine  
  109  13:44  Marine  
  109  13:46  Marine x2  
  109  13:47  Marine x3  
  109  13:48  Marine  
  91  14:00  Marine  
  91  14:02  Marine  
  81  14:03  Marine  
  81  14:04  Marine  
  81  14:05  Marine x4  
  74  14:18  Marine  
  74  14:19  Marine  
  74  14:21  Marine x2  
  74  14:22  Marine  
  74  14:23  Marine x3  
  81  14:25  SCV x2  
  83  14:32  Armory  
  83  14:36  Marine  
  83  14:37  Marine, SCV x2  
  87  14:39  Marine x2  
  87  14:40  Marine x2  
  87  14:41  Marine x2  
  84  14:49  SCV  
  84  14:50  SCV  
  86  14:54  Marine  
  86  14:55  Marine  
  86  14:57  Marine x2  
  86  14:58  Marine x2  
  86  14:59  Marine x2  
  94  15:01  SCV  
  94  15:02  SCV  
  96  15:11  Marine  
  96  15:13  Marine, SCV  
  96  15:14  SCV  
  96  15:15  Marine x2  
  96  15:16  Marine x2  
  96  15:17  Marine x2  
  96  15:19  Medivac x2  
  100  15:26  SCV  
  101  15:29  Marine  
  101  15:31  Marine  
  101  15:32  Marine  
  101  15:33  Marine  
  101  15:34  Marine x3  
  101  15:35  Marine  
  109  15:47  Command Center, Marine  
  109  15:49  Medivac x2, Marine  
  113  15:50  Marine x2  
  113  15:51  Marine  
  113  15:52  Marine x3  
  113  15:55  SCV x2  
  101  16:05  Marine  
  101  16:06  Marine  
  101  16:07  SCV  
  101  16:08  Marine x2, SCV  
  101  16:09  Marine x2  
  101  16:10  Marine x2  
  97  16:18  Supply Depot  
  87  16:19  Medivac x2, SCV  
  87  16:20  SCV  
  87  16:23  Marine  
  87  16:24  Marine  
  95  16:26  Marine x2  
  95  16:27  Marine x2  
  95  16:28  Marine x2  
  95  16:31  SCV  
  95  16:32  SCV  
  103  16:41  Marine  
  103  16:42  Marine  
  103  16:44  Marine x2, SCV x2  
  103  16:45  Marine x2  
  103  16:46  Marine x2  
  111  16:49  Medivac  
  109  16:58  Marine  
  109  17:00  Marine  
  108  17:02  Marine x2  
  108  17:03  Marine x3  
  108  17:04  Marine  
  108  17:05  Medivac  
  108  17:07  SCV  
  97  17:16  Marine  
  97  17:18  Medivac, Marine  
  97  17:19  Marine  
  97  17:20  Marine  
  97  17:21  Marine x4  
  104  17:34  Missile Turret, Marine  
  104  17:35  Marine  
  97  17:37  Bunker, Marine x2  
  97  17:38  Marine  
  97  17:39  Marine x3  
Tags
 
Add a new tag
Caveats
  • Supply blocks, unpowered buildings, or Contaminate may cause inaccurate times.
  • Supply counts are checked every 10 seconds.